 Dungeon Crawl Stone Soup version 0.27.0-1-g7a089689b8 (webtiles) character file.

Game seed: 8543187623999388625

179 garrulousMonolith the Ducker (level 5, -7/39 HPs)
             Began as a Djinni Air Elementalist on Aug 2, 2021.
             Mangled by Duvessa (15 damage)
             ... on level 4 of the Dungeon on Aug 3, 2021.
             The game lasted 00:04:46 (4576 turns).

garrulousMonolith the Ducker (DjAE)                 Turns: 4576, Time: 00:04:47

Health: -7/39      AC:  5    Str:  8    XL:     5   Next: 90%
Gold:   73         EV: 27    Int: 29    God:
                   SH:  0    Dex: 13

rFire    + + .     SeeInvis .   u - +2 dagger (elec)
rCold    x . .     Faith    .   (no shield)
rNeg     . . .     Spirit   .   e - +0 leather armour
rPois    ∞         Reflect  .   (no helmet)
rElec    .         Harm     .   w - +0 cloak
rCorr    .         Rampage  .   p - +0 pair of gloves
Will     .....                  (boots unavailable)
Stlth    ++........             b - amulet of the acrobat
HPRegen  0.13/turn              k - +6 ring of intelligence
MPRegen  0.00/turn              g - +6 ring of intelligence

@: acrobatic, flying, very slightly contaminated
A: sickness immunity, fire resistance 2, cold vulnerability 1, float, innate
caster, hp casting, extra vitality 1
a: no special abilities


You were on level 4 of the Dungeon.
You visited 1 branch of the dungeon, and saw 4 of its levels.

You collected 73 gold pieces.

Inventory:

Hand Weapons
 r - a +0 hunting sling
 t - a +1 dagger of venom
 u - a +2 dagger of electrocution (weapon)
Missiles
 s - 23 sling bullets
 v - 8 poisoned darts
 y - 6 boomerangs
Armour
 e - a +0 leather armour (worn)
 l - a +0 kite shield
 p - a +0 pair of gloves (worn)
 w - a +0 cloak (worn)
Jewellery
 b - an amulet of the acrobat (around neck)
 c - a ring of fire
 g - a +6 ring of intelligence (right hand)
 k - a +6 ring of intelligence (left hand)
Scrolls
 a - a scroll of brand weapon {unknown}
 d - a scroll of magic mapping {unknown}
 f - 4 scrolls of identify
 h - 3 scrolls of immolation
 i - 2 scrolls of fear {unknown}
 o - a scroll of teleportation {unknown}
 q - a scroll of amnesia {unknown}
Potions
 j - 2 potions of curing
 m - 2 potions of haste
 n - a potion of attraction {unknown}
 x - a potion of flight {unknown}


   Skills:
 * Level 2.6 Fighting
 + Level 3.4 Dodging
 - Level 2.0 Stealth
 + Level 1.7 Shields
 + Level 3.1 Spellcasting


You couldn't memorise any spells.
You knew the following spells:

 Your Spells              Type           Power      Damage    Failure   Level
a - Shock                 Conj/Air       88%        1d8       3%          1
b - Static Discharge      Conj/Air       22%        N/A       4%          2
c - Airstrike             Air            11%        N/A       30%         4
d - Swiftness             Air            22%        N/A       10%         3
e - Animate Skeleton      Necr           44%        N/A       3%          1
f - Passwall              Tmut/Erth      18%        N/A       4%          2
Your spell library was empty.

Dungeon Overview and Level Annotations

Branches:
Dungeon (4/15)
 Temple: D:4-7

Altars:

Annotations:
D:4 Dowan, Duvessa


Innate Abilities, Weirdness & Mutations

You are immune to sickness and miasma.
You are immune to poison.
Your flesh is very heat resistant. (rF++)
You are vulnerable to cold. (rC-)
You float through the air rather than walking.
You learn spells naturally, not from books.
Your magical power is your life essence.
You have superior vitality. (+4 HP)


Message History

Dowan shouts!
You start resting.
Duvessa is nearby!
Casting: Shock (safe; 3% risk of failure)
Confirm with . or Enter, or press ? or * to list all spells.
Aiming: Shock (safe; 3% risk of failure)
Press: ? - help, Shift-Dir - straight line, f/p - Duvessa
Aim: Duvessa, wielding a +0 rapier and wearing a +0 ring mail (81% to hit)
The zap hits Duvessa.
Duvessa is lightly wounded.
Casting: Shock (safe; 3% risk of failure)
Confirm with . or Enter, or press ? or * to list all spells.
You miscast Static Discharge.
Nothing appears to happen.
Duvessa closely misses you.
Casting: Static Discharge (safe; 4% risk of failure)
Confirm with . or Enter, or press ? or * to list all spells.
Duvessa is struck by an arc of lightning.
Duvessa is moderately wounded.
You are struck by an arc of lightning.
Duvessa is struck by an arc of lightning.
Duvessa is moderately wounded.
You are struck by an arc of lightning.
The lightning grounds out.
A goblin comes into view. It is wielding a +0 club.
Duvessa hits you with a +0 rapier!
The goblin moves out of view.
Casting: Static Discharge (safe; 4% risk of failure)
Confirm with . or Enter, or press ? or * to list all spells.
Duvessa is struck by an arc of lightning.
Duvessa is heavily wounded.
Dowan is struck by an arc of lightning.
Dowan is moderately wounded.
The lightning grounds out.
Duvessa hits you with a +0 rapier.
* * * LOW HITPOINT WARNING * * *
Dowan says, "Magic and the sword, together, will defeat you."
Dowan points at you and mumbles some strange words.
The puff of flame hits you. You resist.
* * * LOW HITPOINT WARNING * * *
Duvessa misses you. Dowan completely misses you.
Okay, then.
Duvessa hits you with a +0 rapier!
You die...

..# #... .e#
#...# .. ###....
.. ....... .#
.......# .#
...[..g###.# #
#.#......e.#.)..
#.#...#@e......#
#.#...#.####...#
#.#...#.# ....
##.#...#.# #..
#........# .
#.###.#.##
###.###.#.#
###.......#.#
#########
#......#.##.#
#.......#


You could see Duvessa, Dowan and a goblin.

Vanquished Creatures
  Crazy Yiuf (D:3)
  An orc wizard (D:3)
  5 adders
  3 worms
  2 dart slugs
  4 orcs
  5 ball pythons
  6 bats
  3 endoplasms
  4 giant cockroaches
  8 goblins
  2 hobgoblins
  A jackal (D:2)
  7 kobolds
  3 quokkas
  4 frilled lizards
  7 rats
66 creatures vanquished.

Vanquished Creatures (others)
  4 fungi (D:3)
4 creatures vanquished.

Grand Total: 70 creatures vanquished

Notes
Turn   | Place    | Note
-------+----------+-------------------------------------------
     0 | D:1      | garrulousMonolith the Djinni Air Elementalist began the
                  | quest for the Orb.
     0 | D:1      | Reached XP level 1. HP: 15/15 MP: 0/0
   448 | D:1      | Found a faded altar of an unknown god.
   499 | D:1      | Reached XP level 2. HP: 19/21 MP: 0/0
  1707 | D:2      | Reached XP level 3. HP: 22/25 MP: 0/0
  1707 | D:2      | Learned a level 1 spell: Animate Skeleton
  1783 | D:2      | Reached skill level 1 in Fighting
  2067 | D:2      | Reached XP level 4. HP: 30/32 MP: 0/0
  2791 | D:2      | Reached skill level 1 in Shields
  3125 | D:3      | Reached XP level 5. HP: 19/38 MP: 0/0
  3125 | D:3      | Learned a level 2 spell: Passwall
  4239 | D:3      | Found a runed translucent door.
  4299 | D:3      | Noticed Crazy Yiuf
  4304 | D:3      | Killed Crazy Yiuf
  4565 | D:4      | Noticed Duvessa
  4565 | D:4      | Noticed Dowan
  4576 | D:4      | Mangled by Duvessa

Illustrated notes

Levels and vault maps discovered:
D:1:      dpeg_arrival_rooms_with_view, layout_loops_ring,
          ebering_ecumenical_altar_petrified
D:2:      layout_basic, minmay_pentomino_pile
D:3:      layout_loops_corners, minmay_surrounded, uniq_crazy_yiuf_cottage
D:4:      layout_loops_cross, uniq_duvessa, uniq_edmund

Skill      XL: |  1  2  3  4  5 |
---------------+----------------+-----
Stealth        | 2 |  2.0
Fighting       | 1 2 |  2.6
Dodging        | 3 |  3.4
Shields        | 1 |  1.7
Spellcasting   | 3 |  3.1

Action                   |  1- 3 |  4- 6 || total
-------------------------+-------+-------++-------
Melee: Dagger            |       |    53 ||    53
 Cast: Shock             |    65 |    51 ||   116
       Static Discharge  |       |     5 ||     5
  Use: Scroll            |       |     3 ||     3
 Stab: Sleeping          |       |     2 ||     2
Armor: Leather armour    |     7 |    23 ||    30
Dodge: Dodged            |    15 |    53 ||    68
